 Dungeon Crawl Stone Soup version 0.30.0-19-g36f170ea60 (webtiles) character file.

Game seed: 10011611557354034038

309 Bnni the Poker (level 6, -1/50 HPs)
             Began as a Formicid Fighter on May 29, 2023.
             Was an Initiate of Okawaru.
             Slain by a black bear (2 damage)
             ... on level 4 of the Dungeon.
             The game lasted 00:04:06 (2280 turns).

Bnni the Poker (Formicid Fighter)                   Turns: 2280, Time: 00:04:06

Health: -1/50      AC:  9    Str: 23    XL:     6   Next: 69%
Magic:  7/7        EV:  9    Int: 13    God:    Okawaru [......]
Gold:   169        SH:  5    Dex: 13    Spells: 5/5 levels left

rFire   . . .        f - +2 spear (flame)
rCold   . . .        c - +0 buckler
rNeg    . . .        b - +0 scale mail
rPois   .            (helmet unavailable)
rElec   .            (no cloak)
rCorr   .            t - +1 Delatra's gloves {ID++}
SInv    +            (no boots)
Will    .....        (no amulet) Stlth
                     k - +6 ring of intelligence
HPRegen 0.28/turn    (no ring)
MPRegen 0.10/turn

%: no passive effects
@: mighty
A: permanent stasis, dig shafts and tunnels, antennae 3, four strong arms,
screaming 1
a: Dig, Shaft Self, Renounce Religion


You were on level 4 of the Dungeon.
You worshipped Okawaru.
Okawaru was noncommittal.
You visited 1 branch of the dungeon, and saw 4 of its levels.

You collected 169 gold pieces.

Inventory:

Hand Weapons
 a - a +0 trident
 f - a +2 spear of flaming (weapon)
Armour
 b - a +0 scale mail (worn)
 c - a +0 buckler (worn)
 t - the +1 Delatra's gloves (worn) {ID++}
   (You found it on level 3 of the Dungeon)

   ID++:      It heals its wearer when they drink unknown potions, and restores
   their MP when they read unknown scrolls.
Jewellery
 k - a +6 ring of intelligence (left hand)
Scrolls
 e - a scroll of blinking {unknown}
 g - 2 scrolls of brand weapon {unknown}
 j - 3 scrolls of identify {unknown}
 n - 2 scrolls of immolation {unknown}
 p - a scroll of magic mapping {unknown}
 q - a scroll of enchant armour {unknown}
 r - a scroll of fog {unknown}
 s - 2 scrolls of amnesia {unknown}
 u - a scroll of vulnerability {unknown}
Potions
 d - a potion of might
 h - 2 potions of curing
 i - a potion of attraction {unknown}
 m - a potion of brilliance {unknown}
 o - a potion of cancellation {unknown}
 v - a potion of berserk rage {unknown}


   Skills:
 + Level 4.9 Fighting
 * Level 5.1 Polearms
 - Level 3.2 Armour
 - Level 4.0 Shields
 + Level 2.3 Invocations


You had 5 spell levels left.
You didn't know any spells.
Your spell library contained the following spells:

 Spells                   Type           Power      Damage    Failure   Level
 Hailstorm                Conj/Ice       0%         3d3       95%         3
 Ice Form                 Ice/Tmut       0%         N/A       100%        4
 Simulacrum               Ice/Necr       Unusable   N/A       N/A         6

Dungeon Overview and Level Annotations

Branches:
Dungeon (4/15)
 Temple: D:4-7

Altars:
Fedhas
Makhleb
Okawaru
Zin

Shops:
D:3 =   D:4 =


Innate Abilities, Weirdness & Mutations

You cannot be hasted, slowed, berserked, paralysed or teleported.
You can dig through walls and to a lower floor.
You have a pair of large antennae on your head. (SInv)
Your four strong arms can wield two-handed weapons with a shield.
You occasionally shout uncontrollably at your foes.


Message History

The black bear bites you. The black bear barely misses you. x2
You barely miss the black bear.
The black bear is heavily wounded.
The black bear bites you but does no damage.
The black bear claws you but does no damage.
You block the black bear's attack.
You hit the black bear. You burn the black bear.
The black bear is severely wounded.
The black bear goes berserk!
You hit the black bear but do no damage.
The black bear is severely wounded.
The black bear bites you.
The black bear claws you but does no damage.
The black bear claws you.
You barely miss the black bear.
The black bear is severely wounded.
The black bear closely misses you. The black bear misses you.
The black bear claws you.
Unknown command.
You hit the black bear. You burn the black bear.
The black bear is severely wounded.
The black bear bites you. The black bear barely misses you.
You block the black bear's attack. The black bear bites you!
* * * LOW HITPOINT WARNING * * *
You block the black bear's attack.
The black bear claws you but does no damage.
You feel very mighty all of a sudden. The black bear bites you.
* * * LOW HITPOINT WARNING * * *
The black bear claws you.
* * * LOW HITPOINT WARNING * * *
The black bear claws you but does no damage.
You barely miss the black bear.
The black bear is severely wounded.
The black bear bites you but does no damage.
The black bear claws you but does no damage.
The black bear barely misses you. The black bear bites you!
* * * LOW HITPOINT WARNING * * *
You block the black bear's attack. The black bear claws you.
You die...

..... #...#.##..##........#
#.... #..................#
##...########.#......#........#
.......<.............#........#
...........#..................#
...........###........).......#
∩.......)...###........##.#####
....w......†o##......#....#
o..........woh@...)..###..#
............o##......# ##.#
..#..........##......# ### #
#..........#########
##........## #...?....#
.......... .......


You could see a black bear (berserk), an orc wizard, a dart slug and 2 orcs.

Vanquished Creatures
  A black bear (D:4)
  A hound (D:3)
  An iguana (D:4)
  2 orc wizards
  3 adders
  3 worms
  4 dart slugs
  8 orcs
  8 ball pythons
  7 endoplasms
  A giant cockroach (D:3)
  8 goblins
  4 hobgoblins
  2 jackals (D:1)
  2 quokkas
  A bat (D:3)
  2 frilled lizards (D:2)
  4 kobolds
  5 rats
67 creatures vanquished.

Notes
Turn   | Place    | Note
-------+----------+-------------------------------------------
     0 | D:1      | Bnni the Formicid Fighter began the quest for the Orb.
     0 | D:1      | Reached XP level 1. HP: 18/18 MP: 1/1
   140 | D:1      | Reached XP level 2. HP: 22/24 MP: 2/2
   523 | D:1      | Reached XP level 3. HP: 29/30 MP: 3/3
   709 | D:2      | Reached skill level 3 in Polearms
  1309 | D:3      | Reached XP level 4. HP: 37/37 MP: 4/4
  1363 | D:3      | Found Wufucha's Jewellery Emporium.
  1423 | D:3      | Found a blossoming altar of Fedhas.
  1520 | D:3      | Found an iron altar of Okawaru.
  1532 | D:3      | Became a worshipper of Warmaster Okawaru
  1574 | D:3      | Found a burning altar of Makhleb.
  1580 | D:3      | Found a glowing silver altar of Zin.
  1580 | D:3      | Noticed an angel
  1580 | D:3      | Noticed a balrug
  1631 | D:3      | Reached skill level 4 in Polearms
  1640 | D:3      | Reached XP level 5. HP: 41/43 MP: 5/5
  1647 | D:3      | Found the +1 Delatra's gloves {ID++}
  1825 | D:4      | Reached skill level 1 in Invocations
  1886 | D:4      | Reached XP level 6. HP: 49/49 MP: 7/7
  1976 | D:4      | Noticed a black bear
  1990 | D:4      | Gained mutation: You occasionally shout uncontrollably at
                  | your foes. [potion of mutation]
  1995 | D:4      | Killed a black bear
  1996 | D:4      | Reached skill level 5 in Polearms
  2256 | D:4      | Noticed a black bear
  2257 | D:4      | Found Vamouwie's Jewellery Emporium.
  2280 | D:4      | HP: 1/50 [black bear (7)]
  2280 | D:4      | Slain by a black bear

Illustrated notes

Levels and vault maps discovered:
D:1:      dpeg_arrival_shelter, layout_basic
D:2:      layout_basic, minmay_misc_feat_cross
D:3:      layout_rooms, grunt_temple_overflow_order_and_chaos_2,
          fedhas_ov_isle_minmay, mainiacjoe_overflow_surrounded_room,
          serial_shops, shop, pf_guarded_unrand_delatra
D:4:      layout_rooms, nemelex_dance_club_becter, serial_shops, shop

Skill      XL: |  1  2  3  4  5  6 |
---------------+-------------------+-----
Polearms       | 3 4 5 |  5.1
Fighting       | 4 |  4.9
Invocations    | 1 2 |  2.3
Armour         | |  3.2
Shields        | |  4.0

Action                     |  1- 3 |  4- 6 || total
---------------------------+-------+-------++-------
  Melee: Trident           |    27 |       ||    27
         Spear             |    42 |   122 ||   164
    Use: Potion            |       |     5 ||     5
 Armour: Scale mail        |     8 |    54 ||    62
  Dodge: Dodged            |    12 |    44 ||    56
  Block: Buckler           |     6 |    26 ||    32
